Zazza, neutral female human Tourist ------ # |....-## ---------- ------------- #....>| ` |........| |.......{...| ###|....| ######.........| |...........| # |#..[-# |......<.| ########............| ---------### ------# |.........# ---- ------.----|- |[.[[[[.|# # ------.---# |..| # # |[.[)[[.|# # # # |..| ### # |)[[[[[.-# # ### # ---- # # |[.[[[..| # # # ### # --------- ### ## ## # # # ------.-------# ##### ## ##-............|### -.---- ---|-- |............| # |....| |....| |............| ### |%...| |....| |.............######--------- #.....| |....| |............| ##..#.....P@f#####------ |....| -------------- #|.......| |....| #--------- ------ Zazza the Rambler Experience level: 1 Strength: 14 Dexterity: 10 Constitution: 15 Intelligence: 12 Wisdom: 7 Charisma: 18 Health: 0(10) Energy: 2(2) Def: 6 Gold: 650 Moves: 958 Dungeon seed: CShe38SfmC3Jefqw Game ID: Zazza_1576097387 Your Inventory: Coins $ - 650 gold pieces Weapons a - 33 +2 darts (in quiver) p - 2 +0 orcish daggers u - a cursed -2 dagger (weapon in hand) Armor e - an uncursed +0 Hawaiian shirt (being worn) r - an uncursed +0 alchemy smock (being worn) y - an uncursed +0 elven mithril-coat (being worn) Comestibles b - 6 uncursed fortune cookies c - an uncursed slime mold d - an uncursed melon f - 4 uncursed food rations g - an uncursed cram ration q - an uncursed sprig of wolfsbane Scrolls j - 3 uncursed scrolls of magic mapping Spellbooks s - an uncursed spellbook of slow monster Potions h - a blessed potion of extra healing i - an uncursed potion of extra healing m - an uncursed potion of water o - a cursed potion of see invisible Rings t - a cursed ring of teleportation Tools k - an expensive camera (0:87) l - an uncursed credit card Gems n - an uncursed worthless piece of orange glass Spells and supernatural/magical abilities: Name Level Category Fail Memory W - pray for help -- divine ? -- Your skills at the end: Fighting Skills Weapon Skills dart [Basic] Spellcasting Skills Final Attributes: You were stridently aligned. You were poison resistant. You were acid resistant. You were lucky. You are dead. Vanquished creatures: 2 jackals a kobold 2 goblins 2 grid bugs 4 lichens a kobold zombie 3 newts 15 creatures vanquished. Voluntary challenges: You were an atheist. You used a wielded weapon 12 times, starting on turn 442. You read items or engraved 1 time, starting on turn 692. You never genocided any monsters. You never polymorphed an object. You never changed form. You used no wishes. You never split a pudding. You never wrote Elbereth's name. You never violated your personal moral code. Dungeon overview: The Dungeons of Doom: levels 1 to 3 Level 1 a long staircase Level 2 <- You were here an armor shop, a fountain, some sinks Level 3 History has recorded: On T:1 you entered the Dungeons of Doom to retrieve the Amulet of Yendor! On T:562 you reached level 2 of The Dungeons of Doom. On T:784 you reached level 3 of The Dungeons of Doom. Score breakdown: Gold: 181 ( 7687 points) Experience: 1 level ( 0 points) Exploration: 3 levels ( 6.12%) ( 6123 points) Discoveries: 0 items ( 0.00%) ( 0 points) Valuables value: (no points given unless you survive) Artifact value: 0 ( 0 points) Variety of kills: 7 monsters ( 1.84%) ( 4066 points) Turncount: 958 turns ( 0 points) Survival: died (score multiplied by 80%) Total score: 14300 Latest messages: Your movements are slowed slightly because of your load. You hear water falling on coins. You hear a door open. You drop a splint mail. Your movements are now unencumbered. You displace Armand. The door opens. You succeed in picking the lock. The door opens. $ - 109 gold pieces. You displace Armand. You hit the kobold zombie. The kobold zombie hits! You destroy the kobold zombie! You see here a kobold corpse. The dagger welds itself to your hand! You miss the black pudding. The black pudding bites! Your apron is not affected. You die... Final status: Aloha Zazza the Tourist, killed by a black pudding... You died in The Dungeons of Doom on dungeon level 2 with 14300 points, and 650 pieces of gold, after 958 moves. You were level 1 with a maximum of 10 hit points when you died.